 Dungeon Crawl Stone Soup version 0.28-a0-1555-g9ae15a6949 (webtiles) character file.

Game seed: 8853859184142306909

80 mordus the Shield-Bearer (level 4, -2/35 HPs)
             Began as a Formicid Fighter on Jan 18, 2022.
             Slain by an orc (7 damage)
             ... on level 3 of the Dungeon.
             The game lasted 00:02:54 (1944 turns).

mordus the Shield-Bearer (Formicid Fighter)         Turns: 1944, Time: 00:02:55

Health: -2/35      AC:  7    Str: 23    XL:     4   Next: 65%
Magic:  4/4        EV:  9    Int:  7    God:
Gold:   105        SH:  4    Dex: 10    Spells: 3/3 levels left

rFire   . . .      SeeInvis +   a - +0 long sword
rCold   . . .      Faith    .   c - +0 buckler
rNeg    . . .      Spirit   .   b - +0 scale mail
rPois   .          Reflect  .   (helmet unavailable)
rElec   .          Harm     .   (no cloak)
rCorr   .          Rampage  .   (no gloves)
Will    .....                   (no boots)
Stlth   ..........              (no amulet)
HPRegen 0.11/turn               (no ring)
MPRegen 0.09/turn               (no ring)

@: no status effects
A: permanent stasis, dig shafts and tunnels, antennae 3, four strong arms
a: Dig, Shaft Self


You were on level 3 of the Dungeon.
You visited 1 branch of the dungeon, and saw 3 of its levels.

You collected 105 gold pieces.

Inventory:

Hand Weapons
 a - a +0 long sword (weapon)
Armour
 b - a +0 scale mail (worn)
 c - a +0 buckler (worn)
Jewellery
 f - a ring of magical power
Scrolls
 e - 2 scrolls of teleportation {unknown}
 h - a scroll of immolation {unknown}
 i - 3 scrolls of identify {unknown}
 j - 2 scrolls of noise {unknown}
 k - a scroll of fear {unknown}
 m - a scroll of holy word {unknown}
Potions
 d - a potion of might
 g - a potion of curing {unknown}
 l - 2 potions of heal wounds {unknown}


   Skills:
 - Level 3.2 Fighting
 * Level 3.5 Long Blades
 + Level 3.9 Armour
 + Level 4.3 Shields


You had 3 spell levels left.
You didn't know any spells.
Your spell library was empty.

Dungeon Overview and Level Annotations

Branches:
Dungeon (3/15)

Altars:
Cheibriados


Innate Abilities, Weirdness & Mutations

You cannot be hasted, slowed, berserked, paralysed or teleported.
You can dig through walls and to a lower floor.
You have a pair of large antennae on your head. (SInv)
Your four strong arms can wield two-handed weapons with a shield.


Message History

The orc shouts!
An orc priest comes into view. It is wielding a +0 club.
The orc priest shouts!
The orc hits you but does no damage.
You hit the orc.
The orc is lightly wounded.
The orc hits you with a +0 club.
The orc priest calls down the wrath of Beogh upon you.
Beogh smites you!
There are monsters nearby!
You are too injured to fight recklessly!
You are too injured to fight recklessly!
You are too injured to fight recklessly!
You hit the orc.
The orc is almost dead.
The orc hits you but does no damage.
You closely miss the orc.
The orc is almost dead.
The orc hits you with a +0 club.
The orc priest looks braver for a moment.
The orc hits you with a +0 flail!
* * * LOW HITPOINT WARNING * * *
The orc barely misses you.
You barely miss the orc.
The orc is almost dead.
The orc closely misses you. The orc hits you but does no damage.
You hit the orc but do no damage.
The orc is almost dead.
The orc hits you but does no damage. The orc misses you.
You hit the orc priest.
The orc priest is moderately wounded.
The orc priest hits you but does no damage.
You block the orc's attack. The orc hits you with a +0 club.
* * * LOW HITPOINT WARNING * * *
You barely miss the orc priest.
The orc priest is moderately wounded.
The orc priest hits you with a +0 club.
* * * LOW HITPOINT WARNING * * *
The orc hits you with a +0 flail!
You die...

.............#.#
.########†.###.#
. :............#
##...........#
###......[..#
###.......#
#.......#
##......#..#
#...@o...#
##.oo...##
#......#
#.....## #.....#
#..#### #.. #..


You could see an orc priest and 2 orcs.

Vanquished Creatures
  An adder (D:2)
  A worm (D:3)
  2 ball pythons
  6 bats
  8 endoplasms
  7 giant cockroaches
  7 goblins
  5 hobgoblins
  2 jackals (D:1)
  3 quokkas
  5 frilled lizards
  7 kobolds
  7 rats
61 creatures vanquished.

Notes
Turn   | Place    | Note
-------+----------+-------------------------------------------
     0 | D:1      | mordus the Formicid Fighter began the quest for the Orb.
     0 | D:1      | Reached XP level 1. HP: 18/18 MP: 1/1
   288 | D:1      | Reached XP level 2. HP: 24/24 MP: 2/2
   496 | D:1      | Reached XP level 3. HP: 29/29 MP: 3/3
   506 | D:1      | Reached skill level 4 in Shields
  1306 | D:2      | Reached XP level 4. HP: 35/35 MP: 4/4
  1652 | D:2      | Found a faded altar of an unknown god.
  1899 | D:3      | Found a snail-covered altar of Cheibriados.
  1944 | D:3      | Slain by an orc

Illustrated notes

Levels and vault maps discovered:
D:1:      minmay_arrival_four_circles, layout_basic
D:2:      layout_loops_ring, chequers_ecumenical_altar_grove
D:3:      layout_rooms, kennysheep_ying_yang, mainiacjoe_overflow_paths,
          slow_altar_1, mainiacjoe_overflow_cross_hatched

Skill      XL: |  1  2  3 |
---------------+----------+-----
Shields        | 4 |  4.3
Long Blades    | 3 |  3.5
Fighting       | |  3.2
Armour         | |  3.9

Action                   |  1- 3 |  4- 6 || total
-------------------------+-------+-------++-------
Melee: Long sword        |    87 |    56 ||   143
Armor: Scale mail        |    50 |    29 ||    79
Dodge: Dodged            |    36 |    24 ||    60
Block: Buckler           |    17 |    13 ||    30

Table legend: (Time is in decaauts)
 A = Elapsed time spent in this place.
 B = Non-inter-level travel time spent in this place.
 C = Inter-level travel time spent in this place.
 D = Time resting spent in this place.
 E = Time spent auto-exploring this place.
 F = Levels seen in this place.
 G = Mean time per level.
                   A        B        C        D        E       F      G
               +--------+--------+--------+--------+--------+-----+--------+
         Total |   1984 |   1951 |     33 |    246 |   1338 |   3 |  661.3 |
       Dungeon |   1984 |   1951 |     33 |    246 |   1338 |   3 |  661.3 |
               +--------+--------+--------+--------+--------+-----+--------+

Top non-repeatable levels by time:
     D:1: 894 daAuts
     D:2: 839 daAuts
     D:3: 250 daAuts
